 Dungeon Crawl Stone Soup version 0.25-a0-804-g50c693f418 (webtiles) character file.

Game seed: 15751556751196520385, levelgen mode: deterministic

3806 Lanoc the Spear-Bearer (level 10, 0/141 HPs)
             Began as a Naga Abyssal Knight on Apr 19, 2020.
             Was an Elder of Lugonu.
             Slain by a killer bee (6 damage)
             ... on level 8 of the Dungeon.
             The game lasted 00:23:49 (9610 turns).

Lanoc the Spear-Bearer (Naga Abyssal Knight)        Turns: 9610, Time: 00:23:50

Health: 0/141      AC: 25    Str: 15    XL:     10   Next: 17%
Magic:  15/15      EV:  1    Int: 12    God:    Lugonu [****..]
Gold:   685        SH:  0    Dex: 14    Spells: 9/9 levels left

rFire    . . .     SeeInvis +   y - +4 spear (vorpal)
rCold    . . .     Gourm    .   (no shield)
rNeg     + + +     Faith    +   (armour currently unavailable)
rPois    +         Spirit   .   (helmet currently unavailable)
rElec    .         Reflect  .   (cloak currently unavailable)
rCorr    .         Harm     .   (gloves currently unavailable)
MR       +....     NoTele   +   (no barding)
Stlth    ++........             a - amulet of faith
HPRegen  0.33/turn              d - ring of stealth
MPRegen  0.14/turn              D - ring of flight

@: mighty, lethally poisoned (0 -> -9), tree-form (expiring), berserk cooldown,
stab, hasted and slowed
A: large, see invisible, slow metabolism 1, spit poison 1, wild magic 1, AC +3
a: Spit Poison, Depart the Abyss, Bend Space, Banish, Corrupt, Renounce Religion


You were on level 8 of the Dungeon.
You worshipped Lugonu.
Lugonu was greatly pleased with you.
You were hungry.
You were a tree.
You visited 2 branches of the dungeon, and saw 9 of its levels.
You visited the Abyss 1 time.
You also visited: Ossuary.

You collected 685 gold pieces.

Inventory:

Hand Weapons
 y - a +4 vorpal spear (weapon)
Missiles
 e - 118 bolts
 f - 247 arrows
 j - 66 sling bullets
 v - 36 poisoned darts (quivered)
Armour
 b - a +0 leather armour (melded)
 l - a +1 cloak of poison resistance (melded)
Jewellery
 a - an amulet of faith (around neck)
 d - a ring of stealth (left branch)
 D - a ring of flight (right branch)
 H - an uncursed ring of ice {unknown}
Wands
 k - a wand of disintegration (18)
 m - a wand of digging (3)
 u - a wand of paralysis (18)
 C - a wand of clouds (7)
Scrolls
 g - a scroll of amnesia
 i - 2 scrolls of blinking
 p - 3 scrolls of remove curse
 q - a scroll of vulnerability {unknown}
 r - a scroll of magic mapping
 s - 2 scrolls of enchant armour {unknown}
 G - a scroll of fog {unknown}
Potions
 h - a potion of brilliance
 n - a potion of haste
 o - 3 potions of stabbing
 w - a potion of flight
 z - a potion of lignification
 A - 2 potions of magic
 E - a potion of cancellation
Comestibles
 c - 8 rations


   Skills:
 + Level 7.0 Fighting
 * Level 9.2 Polearms
 - Level 2.3 Armour
 + Level 5.3 Dodging
 + Level 7.1 Invocations


You had 9 spell levels left.
You didn't know any spells.
Your spell library contained the following spells:

 Spells                   Type           Power        Failure   Level  Hunger
 Animate Skeleton         Necr           N/A          41%         1    ##.....
 Apportation              Tloc           #.....       41%         1    ##.....
 Corona                   Hex            #......      41%         1    ##.....
 Sandblast                Erth           #.....       41%         1    ##.....
 Summon Small Mammal      Summ           #...         41%         1    ##.....
 Passwall                 Tmut/Erth      #.......     54%         2    ###....
 Stone Arrow              Conj/Erth      #.....       77%         3    ####...
 Petrify                  Tmut/Erth      #.......     98%         4    #####..
 Lee's Rapid Deconstruct  Erth           #.........   100%        5    ######.


Dungeon Overview and Level Annotations

Branches:
Dungeon (8/15)             Temple (1/1) D:5            Lair (0/6) D:8
Ossuary (visited)

Altars:
Ashenzari
Dithmenos
Elyvilon
Kikubaaqudgha
Nemelex Xobeh
Sif Muna
Trog
Zin

Shops:
D:7 %*

Annotations:
D:8 corrupted


Innate Abilities, Weirdness & Mutations

You cannot wear boots.
((Your serpentine skin is tough. (AC +3)))
You have supernaturally acute eyesight. (SInv)
((Armour fits poorly on your strangely shaped body.))
((Your system is resistant to poisons. (rPois)))
((You cover ground very slowly.))
You have a slow metabolism.
You can spit poison.
((You are occasionally teleported next to monsters.))
Your spells are a little harder to cast, but a little more powerful.


Message History

Unknown command.
You puncture the killer bee!
You kill the killer bee!
Lugonu accepts your kill.
* * * LOW HITPOINT WARNING * * *
You feel sick.
The killer bee stings you but does no damage. x3
Unknown command.
You closely miss the killer bee.
* * * LOW HITPOINT WARNING * * *
You feel sick.
The killer bee stings you but does no damage. x4
The orc hits you but does no damage.
The killer bee stings you but does no damage. x2
You miss the killer bee.
* * * LOW HITPOINT WARNING * * *
You feel sick.
The killer bee stings you but does no damage.
The killer bee stings you.
You die...

..# ..# ..# ..#
#### ... #..###
....## ###....#
.......###....oo##
.........#....#yy#
.............#oy♣#
..............5y##
...........#..o##
...#.......#####
...##.#....#
...####y..##
.....#.y.##
yy§y.....#
#§§.....>.


You could see 4 killer bees, an orc priest, an orc wizard, a shadow imp and 2
orcs.

Vanquished Creatures
  A queen bee (D:8)
  Sigmund (D:2)
  An ice beast (D:5)
  3 sky beasts
  3 ogres
  A necrophage (D:7)
  A phantom (D:6)
  2 centaurs
  4 bullfrogs
  A gnoll sergeant (D:5)
  2 scorpions
  14 killer bees
  5 wights (D:6)
  2 howler monkeys (D:8)
  3 crimson imps (D:5)
  Crazy Yiuf (D:7)
  A bullfrog skeleton (D:5)
  2 hounds
  5 orc priests
  8 orc wizards
  An iguana (D:7)
  Natasha (thrice) (D:3)
  5 worker ants
  A hound skeleton (D:6)
  8 mummies (Ossuary)
  3 gnolls (D:5)
  8 adders
  A shadow imp (D:6)
  An ooze (D:3)
  An adder skeleton (D:5)
  An adder zombie (D:8)
  2 worms
  2 dart slugs (D:3)
  3 leopard geckos
  19 orcs
  A ball python (D:5)
  A giant cockroach (D:2)
  4 goblins
  4 hobgoblins
  13 jackals
  3 quokkas
  3 bats
  7 frilled lizards
  A hobgoblin zombie (Ossuary)
  2 kobolds (D:3)
  3 kobold zombies (Ossuary)
  A leopard gecko skeleton (D:4)
  4 orc zombies (Ossuary)
  2 rats
169 creatures vanquished.

Vanquished Creatures (others)
  A water moccasin (D:8)
  An eye of draining (D:8)
  An ice beast (D:8)
  An ogre (D:8)
  A scorpion (D:8)
  2 killer bees (D:8)
  2 bullfrog zombies (D:8)
  An iguana (D:8)
  A worker ant (D:8)
  A howler monkey zombie (D:8)
  An adder (D:8)
  2 orcs (D:8)
  2 starspawn tentacles (D:8)
17 creatures vanquished.

Grand Total: 186 creatures vanquished

Notes
Turn   | Place    | Note
-------+----------+-------------------------------------------
     0 | Abyss:1  | Lanoc the Naga Abyssal Knight began the quest for the Orb.
     0 | Abyss:1  | Reached XP level 1. HP: 21/21 MP: 2/2
   126 | Abyss:1  | Noticed a large abomination
   128 | Abyss:1  | Noticed a lorocyproca
   132 | Abyss:1  | Noticed a large abomination
   133 | D:1      | Escaped the Abyss
   465 | D:1      | Reached skill level 1 in Dodging
   465 | D:1      | Reached XP level 2. HP: 28/28 MP: 3/3
   896 | D:2      | Found a faded altar of an unknown god.
   923 | D:2      | Noticed Sigmund
   945 | D:2      | Gained mutation: Your muscles are strong. (Str +2) [potion
                  | of mutation]
   945 | D:2      | Gained mutation: Your body sometimes deteriorates upon
                  | taking damage. [potion of mutation]
   945 | D:2      | Gained mutation: Your mind is acute. (Int +2) [potion of
                  | mutation]
   947 | D:2      | Killed Sigmund
   947 | D:2      | Reached skill level 3 in Polearms
   947 | D:2      | Reached XP level 3. HP: 15/36 MP: 3/5
   947 | D:2      | Reached XP level 4. HP: 18/44 MP: 3/6
   947 | D:2      | Reached XP level 5. HP: 20/50 MP: 3/7
   955 | D:2      | Lost mutation: Your body sometimes deteriorates upon taking
                  | damage. [potion of mutation]
   955 | D:2      | Lost mutation: Your muscles are strong. (Str +2) [potion of
                  | mutation]
   955 | D:2      | Lost mutation: Your mind is acute. (Int +2) [potion of
                  | mutation]
   955 | D:2      | Gained mutation: You are occasionally teleported next to
                  | monsters. [potion of mutation]
   955 | D:2      | Gained mutation: Your spells are a little harder to cast,
                  | but a little more powerful. [potion of mutation]
   977 | D:2      | Reached * piety under Lugonu
  1294 | D:2      | Found a shattered altar of Ashenzari.
  1890 | D:3      | Found a white marble altar of Elyvilon.
  1997 | D:3      | Reached XP level 6. HP: 50/57 MP: 8/8
  2014 | D:3      | Reached skill level 4 in Polearms
  2414 | D:3      | Noticed Natasha
  2432 | D:3      | Killed Natasha
  2615 | D:3      | Noticed Natasha
  2629 | D:3      | Killed Natasha
  2633 | D:3      | Noticed Natasha
  2790 | D:3      | Killed Natasha
  2864 | D:4      | Reached ** piety under Lugonu
  3049 | D:4      | Reached XP level 7. HP: 49/64 MP: 9/9
  3144 | D:4      | Found a sparkling altar of Nemelex Xobeh.
  3318 | D:4      | Found a glowing silver altar of Zin.
  3525 | D:5      | Entered Level 5 of the Dungeon
  3577 | D:5      | Reached skill level 5 in Polearms
  3607 | D:5      | Found a sand-covered staircase.
  3614 | Ossuary  | Entered an ossuary
  4713 | D:5      | Reached XP level 8. HP: 33/73 MP: 8/11
  4981 | D:5      | Reached *** piety under Lugonu
  5050 | D:5      | Reached skill level 5 in Fighting
  5070 | D:5      | Reached skill level 6 in Polearms
  5477 | D:5      | Found a staircase to the Ecumenical Temple.
  5491 | Temple   | Entered the Ecumenical Temple
  6027 | D:6      | Reached skill level 5 in Invocations
  6401 | D:6      | Reached skill level 7 in Polearms
  6425 | D:6      | Reached XP level 9. HP: 65/82 MP: 13/13
  6678 | D:6      | Found a shimmering blue altar of Sif Muna.
  7037 | D:6      | Reached **** piety under Lugonu
  7369 | D:6      | Found an ancient bone altar of Kikubaaqudgha.
  7479 | D:6      | Found a bloodstained altar of Trog.
  7669 | D:7      | Found Jaomaocw's General Store.
  7692 | D:7      | Got a warped whip
  7693 | D:7      | Identified the cursed +0 whip of Wrath {drain, MR+ Dex+4}
                  | (You found it on level 7 of the Dungeon)
  7715 | D:7      | Reached skill level 8 in Polearms
  7754 | D:7      | Found Jakorumu's Food Shop.
  8044 | D:7      | Found a runed translucent door.
  8045 | D:7      | Noticed Crazy Yiuf
  8439 | D:7      | Found a shadowy altar of Dithmenos.
  8488 | D:7      | HP: 2/85 [killer bee (3)]
  8976 | D:7      | Killed Crazy Yiuf
  9093 | D:8      | Reached skill level 5 in Dodging
  9207 | D:8      | Noticed a queen bee
  9218 | D:8      | Corrupted D:8
  9218 | D:8      | Noticed an efreet
  9218 | D:8      | Noticed a spatial maelstrom
  9218 | D:8      | Noticed a great orb of eyes
  9218 | D:8      | Noticed a shining eye
  9218 | D:8      | Noticed a starcursed mass
  9218 | D:8      | Noticed a spatial maelstrom
  9218 | D:8      | Noticed an unseen horror
  9220 | D:8      | Noticed a thrashing horror
  9239 | D:8      | Noticed a tentacled starspawn
  9550 | D:8      | Found a staircase to the Lair.
  9585 | D:8      | Reached XP level 10. HP: 71/92 MP: 15/15
  9593 | D:8      | Reached skill level 9 in Polearms
  9609 | D:8      | HP: 7/141 [poisoned by a killer bee]
  9610 | D:8      | Slain by a killer bee

Levels and vault maps discovered:
D:1:      dpeg_arrival_rooms_b, layout_basic
D:2:      layout_basic, nicolae_ashenzari_panopticon, first_ration,
          chequers_ecumenical_altar_simple_redux, uniq_sigmund
D:3:      layout_rooms, overflow_temple_1_default, uniq_natasha
D:4:      layout_loops_ring, kennysheep_mini_moat, lemuel_crystal_altar
D:5:      layout_gridville, minmay_temple_entry_statues_fountains,
          enter_ossuary_2
D:6:      layout_loops_cross, lightli_temple_of_fire, old_standard_altar,
          lemuel_coloured_pillars_altar
D:7:      layout_basic, marbit_many_paths, serial_shops, nicolae_shop_crystal,
          shop, minmay_door_square, uniq_crazy_yiuf_cottage
D:8:      wad_guarded_room, layout_cave_pools, fedhas_altar_fruit_tree,
          david_nohive_1
Temple:   minmay_temple_bridge_abc

Skill      XL: |  1  2  3  4  5  6  7  8  9 10 |
---------------+-------------------------------+-----
Dodging        | 1 2 3 4 5 |  5.3
Polearms       | 3 4 5 7 8 9 |  9.2
Armour         | 2 |  2.3
Invocations    | 3 4 5 6 7 |  7.1
Fighting       | 4 5 6 7 |  7.0

Action                   |  1- 3 |  4- 6 |  7- 9 | 10-12 || total
-------------------------+-------+-------+-------+-------++-------
Melee: Spear             |    32 |   151 |   549 |    25 ||   757
Throw: Dart              |       |       |    28 |       ||    28
Invok: Depart the Abyss  |     1 |       |       |       ||     1
       Bend Space        |       |       |    21 |       ||    21
       Corrupt           |       |       |     1 |       ||     1
 Abil: Spit Poison       |     9 |    21 |    50 |       ||    80
  Use: Potion            |     2 |     1 |    19 |       ||    22
       Scroll            |       |       |    19 |       ||    19
 Stab: Sleeping          |     2 |     4 |     2 |       ||     8
       Paralysed         |       |       |     4 |       ||     4
  Eat: Chunk             |       |     7 |    13 |       ||    20
       Ration            |       |       |     2 |       ||     2
Armor: Leather armour    |     3 |    36 |   136 |       ||   175
       Skin              |       |       |    78 |    62 ||   140
Dodge: Dodged            |    14 |    91 |   251 |     4 ||   360

Table legend:
 A = Non-vault XP
 B = Vault XP
 C = Vault XP percentage of total XP
 D = Non-vault monster count
 E = Vault monster count
 F = Vault count percentage of total count
                 A         B        C        D         E       F
            +---------+---------+-------+---------+---------+-------
      Total |    4068 |    1370 |  25.2 |     139 |      30 |  17.8
            +---------+---------+-------+---------+---------+-------
        D:1 |      18 |       0 |   0.0 |      10 |       0 |   0.0
        D:2 |      30 |     231 |  88.5 |      12 |       1 |   7.7
        D:3 |     207 |      36 |  14.8 |      21 |       1 |   4.5
        D:4 |     280 |       0 |   0.0 |      16 |       0 |   0.0
        D:5 |     764 |       0 |   0.0 |      24 |       0 |   0.0
        D:6 |    1405 |       0 |   0.0 |      29 |       0 |   0.0
        D:7 |     980 |      58 |   5.6 |      17 |       2 |  10.5
        D:8 |     384 |     895 |  70.0 |      10 |      10 |  50.0
    Ossuary |       0 |     150 | 100.0 |       0 |      16 | 100.0
            +---------+---------+-------+---------+---------+-------
